 Dungeon Crawl Stone Soup version 0.31-a0-210-gccc998df9b (webtiles) character file.

Game seed: 17619934425138316286

300 qw the Shooter (level 6, -2/52 HPs)
             Began as a Minotaur Hexslinger on June 29, 2023.
             Slain by an orc
             ... wielding a +0 falchion
              (4 damage)
             ... on level 4 of the Dungeon.
             The game lasted 00:01:06 (2685 turns).

qw the Shooter (Minotaur Hexslinger)                Turns: 2685, Time: 00:01:07

Health: -2/52      AC:  5    Str: 12    XL:     6   Next: 13%
Magic:  0/6        EV: 11    Int: 10    God:
Gold:   122        SH:  0    Dex: 15    Spells: 6/7 levels left

rFire   . . .        Y - +3 sling
rCold   . . .        (no shield)
rNeg    . . .        b - +0 ring mail
rPois   .            (helmet restricted)
rElec   .            (no cloak)
rCorr   .            (no gloves)
SInv    .            (no boots)
Will    .....        e - amulet of guardian spirit Stlth
                     (no ring)
HPRegen 0.28/turn    (no ring)
MPRegen 0.10/turn

%: guardian spirit
@: confused
A: horns 2, retaliatory headbutt
a: no special abilities


You were on level 4 of the Dungeon.
You visited 1 branch of the dungeon, and saw 4 of its levels.

You collected 122 gold pieces.


Innate Abilities, Weirdness & Mutations

You have a pair of horns on your head.
You reflexively headbutt those who attack you in melee.


   Skills:
 + Level 3.7 Fighting
 - Level 6.1 Ranged Weapons
 - Level 1.1 Armour
 - Level 2.1 Dodging
 - Level 1.0 Spellcasting
 - Level 2.0 Hexes


You had 6 spell levels left.
You knew the following spells:

 Your Spells              Type           Power      Damage    Failure   Level
a - Slow                  Hex            16%        N/A       34%         1

Your spell library contained the following spells:

 Spells                   Type           Power      Damage    Failure   Level
 Inner Flame              Hex/Fire       2%         N/A       83%         3
 Portal Projectile        Hex/Tloc       4%         N/A       83%         3
 Cause Fear               Hex            2%         N/A       98%         4

Inventory:

Hand Weapons
 Y - a +3 sling (weapon)
Armour
 b - a +0 ring mail (worn)
Jewellery
 e - an amulet of guardian spirit (around neck)
Scrolls
 c - a scroll of identify
Potions
 a - a potion of ambrosia {unknown}
 d - a potion of resistance {unknown}
 f - a potion of might {unknown}
 g - a potion of degeneration {unknown}
 i - 2 potions of curing {unknown}

Dungeon Overview and Level Annotations

Branches:
Dungeon (4/15)
 Temple: D:4-7

Altars:
Ashenzari
Qazlal

Annotations:
D:2 1 runed translucent door, Crazy Yiuf


Message History

You hear some strange, mumbled words.
Something tries to affect you, but you resist.
The orc misses you. The orc hits you but does no damage.
The orc priest hits you with a +0 club. Something hits you but does no damage.
The orc barely misses you. The orc misses you.
You feel less confused.
The orc priest hits you but does no damage.
Something hits you. The orc hits you with a +0 falchion.
The orc hits you with a +0 short sword.
2678 ||| DRINKING potion of heal wounds.
You feel much better. The orc priest hits you with a +0 club.
You hear some strange, mumbled words.
Something tries to affect you, but you resist.
The orc hits you with a +0 falchion. The orc hits you but does no damage.
You shoot a sling bullet.
The sling bullet closely misses the orc priest.
The orc priest invokes the aid of Beogh against you.
Beogh smites you! Something hits you. The orc hits you but does no damage.
The orc closely misses you.
You shoot a sling bullet.
The sling bullet barely misses the orc priest.
The orc priest hits you but does no damage.
You hear some strange, mumbled words.
You are confused.
The orc hits you with a +0 falchion. The orc barely misses you.
The orc closely misses you. The orc hits you but does no damage.
The orc priest barely misses you. Something hits you but does no damage.
The orc priest looks satisfied for a moment.
Something hits you. The orc hits you with a +0 falchion.
The orc closely misses you. The orc priest misses you. Something hits you.
The orc closely misses you. x2
The orc priest hits you with a +0 club. Something barely misses you.
The orc barely misses you. The orc hits you with a +0 short sword.
The orc priest miscasts a cantrip.
Something hits you. The orc hits you with a +0 falchion.
The orc closely misses you. The orc priest closely misses you.
Something hits you but does no damage. The orc hits you with a +0 falchion.
You die...

#....###......##.................
......#.......##.................
.................................
#..........#............##..#.##.
..........##.............###..###
#.........#.....................#
#........###..................#..
##...#######....oo.#..........#..
##.## #......@o............##. ##
##....##{.............## #....#
.......##.#... ##.### #......
####... ### #.##.. ## #. . ##


You could see an orc priest and 2 orcs.

Vanquished Creatures
  An ogre (D:4)
  A phantom (D:4)
  Jessica (D:3)
  5 adders
  A worm (D:2)
  3 dart slugs (D:1)
  An orc (D:3)
  5 bats
  11 endoplasms
  5 goblins
  4 hobgoblins
  2 jackals (D:1)
  4 kobolds
  5 quokkas
  7 ball pythons
  5 rats
61 creatures vanquished.

Notes
Turn   | Place    | Note
-------+----------+-------------------------------------------
     0 | D:1      | qw the Minotaur Hexslinger began the quest for the Orb.
     0 | D:1      | Reached XP level 1. HP: 16/16 MP: 1/1
     0 | D:1      | 0 ||| qw: Version: 0.3-a-24-ga2abf7b
     0 | D:1      | 0 ||| qw: Game counter: 6773
     0 | D:1      | 0 ||| qw: Melee chars always use a shield: true
     0 | D:1      | 0 ||| qw: God list: Okawaru
     0 | D:1      | 0 ||| qw: Allow faded altars: false
     0 | D:1      | 0 ||| qw: Do Orc after clearing Dungeon:15 true
     0 | D:1      | 0 ||| qw: Do second Lair branch before Depths: true
     0 | D:1      | 0 ||| qw: Lair rune preference: random
     0 | D:1      | 0 ||| qw: Goals: Normal
     0 | D:1      | 0 ||| PLANNING D:1-11
    12 | D:1      | 12 ||| DROPPING scroll of poison.
   112 | D:1      | 112 ||| READING scroll labelled MEIDIUBR YSAA.
   126 | D:1      | Reached skill level 3 in Ranged Weapons
   131 | D:1      | Reached XP level 2. HP: 23/23 MP: 2/2
   205 | D:1      | Found a faded altar of an unknown god.
   310 | D:1      | Reached XP level 3. HP: 26/29 MP: 3/3
   536 | D:1      | 536 ||| UPGRADING to +0 ring mail.
   546 | D:1      | 546 ||| DROPPING +0 robe.
   692 | D:2      | Reached skill level 4 in Ranged Weapons
   704 | D:2      | Reached skill level 1 in Armour
   846 | D:2      | 846 ||| READING scroll of enchant weapon.
   846 | D:2      | 846 ||| ENCHANTING +2 sling.
   963 | D:2      | Reached XP level 4. HP: 18/36 MP: 4/4
  1446 | D:2      | Found a runed translucent door.
  1447 | D:2      | Noticed Crazy Yiuf
  1666 | D:2      | 1666 ||| UPGRADING to amulet of guardian spirit.
  1671 | D:2      | 1671 ||| READING scroll labelled LIEFEI DAESEMI.
  1672 | D:2      | 1672 ||| READING scroll labelled WAONKY ICUO.
  1862 | D:3      | Found a stormy altar of Qazlal.
  1862 | D:3      | Found a broken altar of Ashenzari.
  2028 | D:3      | Noticed Jessica
  2031 | D:3      | Killed Jessica
  2032 | D:3      | Reached skill level 5 in Ranged Weapons
  2301 | D:3      | 2301 ||| READING scroll labelled ZOSESI DUUNGU.
  2302 | D:3      | 2302 ||| READING scroll labelled RYAKKI ARCHICKO.
  2303 | D:3      | 2303 ||| DRINKING 2 smoky golden potions.
  2352 | D:3      | 2352 ||| DRINKING 2 bubbling red potions.
  2353 | D:3      | 2353 ||| DROPPING potion of lignification.
  2386 | D:4      | Noticed a phantom
  2396 | D:4      | Killed a phantom
  2397 | D:4      | Reached skill level 3 in Fighting
  2397 | D:4      | Reached XP level 5. HP: 39/46 MP: 2/5
  2524 | D:4      | Noticed an ogre
  2530 | D:4      | Killed an ogre
  2531 | D:4      | Reached skill level 6 in Ranged Weapons
  2531 | D:4      | Reached XP level 6. HP: 52/52 MP: 6/6
  2669 | D:4      | HP: 6/52 [orc priest/divine providence (8)]
  2670 | D:4      | 2670 ||| DRINKING 2 potions of heal wounds.
  2677 | D:4      | HP: 11/52 [orc/+0 short sword (4)]
  2678 | D:4      | 2678 ||| DRINKING potion of heal wounds.
  2682 | D:4      | HP: 9/52 [something (2)]
  2684 | D:4      | HP: 2/52 [orc/+0 falchion (3)]
  2685 | D:4      | Slain by an orc

Levels and vault maps discovered:
D:1:      roderic_crop_circles_arrival_small, layout_rooms,
          hellmonk_ecumenical_altar_blasted, chequers_serial_rivers_micro_d
D:2:      layout_basic, uniq_crazy_yiuf_cottage
D:3:      layout_rooms, gammafunk_temple_overflow_elements, grunt_ministairs_14,
          grunt_decor_junction, nicolae_concentric_dashed_squares_mild,
          nicolae_the_louvre, uniq_jessica
D:4:      layout_cave_pools

Skill      XL: |  1  2  3  4  5 |
---------------+----------------+-----
Ranged Weapons | 3 4 5 6 |  6.1
Fighting       | 2 3 |  3.7
Armour         | 1 |  1.1
Dodging        | |  2.1
Spellcasting   | |  1.0
Hexes          | |  2.0

Action                     |  1- 3 |  4- 6 || total
---------------------------+-------+-------++-------
   Fire: Sling             |   113 |    86 ||   199
    Use: Scroll            |     2 |     4 ||     6
         Potion            |       |     4 ||     4
 Armour: Robe              |     3 |       ||     3
         Ring mail         |     7 |    37 ||    44
  Dodge: Dodged            |    14 |    50 ||    64

Table legend:
 A = Non-vault XP
 B = Vault XP
 C = Vault XP percentage of total XP
 D = Non-vault monster count
 E = Vault monster count
 F = Vault count percentage of total count
                 A         B        C        D         E       F
            +---------+---------+-------+---------+---------+-------
      Total |     388 |      41 |   9.6 |      58 |       3 |   4.9
            +---------+---------+-------+---------+---------+-------
        D:1 |      50 |       0 |   0.0 |      26 |       0 |   0.0
        D:2 |      77 |       0 |   0.0 |      17 |       0 |   0.0
        D:3 |      13 |      41 |  75.9 |       7 |       3 |  30.0
        D:4 |     248 |       0 |   0.0 |       8 |       0 |   0.0
            +---------+---------+-------+---------+---------+-------
